[Event "*** Titled Tuesday Blitz"]
[Site "Chess.com"]
[Date "2019.08.06"]
[Round "1"]
[White "beatles_22"]
[Black "colegiodemadrid"]
[Result "1-0"]
[WhiteElo "2666"]
[BlackElo "2325"]
[TimeControl "180+2"]
[EndTime "13:01:22 PDT"]
[Termination "beatles_22 won by resignation"]

1. e4 e5 2. Nf3 Nc6 3. Nc3 Nf6 4. g3 d5 5. exd5 Nxd5 6. Bg2 Nxc3 7. bxc3 Bc5 8. O-O O-O 9. Re1 Qf6 10. d3 Rd8 11.
Rb1 Bb6 12. Bg5 1-0

[Event "*** Titled Tuesday Blitz"]
[Site "Chess.com"]
[Date "2019.08.06"]
[Round "1"]
[White "Atakishiyev04"]
[Black "HanSchut"]
[Result "1-0"]
[WhiteElo "2602"]
[BlackElo "2205"]
[TimeControl "180+2"]
[EndTime "13:02:00 PDT"]
[Termination "Atakishiyev04 won by resignation"]

1. e4 c5 2. Nf3 d6 3. d4 cxd4 4. Nxd4 Nf6 5. Nc3 a6 6. Bg5 e6 7. f4 Be7 8. Qf3 h6 9. Bh4 g5 10.
fxg5 Nfd7 11. Nxe6 fxe6 12. Qh5+ Kf8 13. Be2 Ne5 14.
Bg3 hxg5 15. Qxh8+ 1-0

[Event "*** Titled Tuesday Blitz"]
[Site "Chess.com"]
[Date "2019.08.06"]
[Round "1"]
[White "Marcus_Harvey"]
[Black "JoachimMouhamad"]
[Result "1-0"]
[WhiteElo "2771"]
[BlackElo "2393"]
[TimeControl "180+2"]
[EndTime "13:02:22 PDT"]
[Termination "Marcus_Harvey won by resignation"]

1. Nf3 c5 2. c4 Nc6 3. d3 g6 4.
Be3 Bg7 5. Nc3 d6 6. d4 cxd4 7.
Nxd4 Nxd4 8. Bxd4 Nf6 9. e4 O-O 10. Be2 Be6 11. b3 Rc8 12. O-O Nd7 13. Rc1 Bxd4 14.
Qxd4 Qb6 15. Qd2 Qa5 16. Rfd1 Rfe8 17. f4 Nc5 18. Bf3 a6 19. Nd5 Bxd5 20. Qxa5 1-0

[Event "*** Titled Tuesday Blitz"]
[Site "Chess.com"]
[Date "2019.08.06"]
[Round "1"]
[White "GHANDEEVAM2003"]
[Black "csati17"]
[Result "1-0"]
[WhiteElo "2953"]
[BlackElo "2494"]
[TimeControl "180+2"]
[EndTime "13:03:47 PDT"]
[Termination "GHANDEEVAM2003 won by resignation"]

1. c4 e6 2. g4 d5 3. b3 c5 4. Bb2 Nc6 5. Bg2 d4 6. e3 e5 7. exd4 Nxd4 8. Nc3 Qh4 9. h3 Nf6 10. Nf3 Nxf3+ 11. Qxf3 Be7 12. O-O-O O-O 13. Rhe1 Bd6 14. Nb5 e4 15. Bxf6 exf3 16. Bxh4 1-0

[Event "*** Titled Tuesday Blitz"]
[Site "Chess.com"]
[Date "2019.08.06"]
[Round "1"]
[White "Vadim_Biliy"]
[Black "raviteja81293"]
[Result "1-0"]
[WhiteElo "2221"]
[BlackElo "2582"]
[TimeControl "180+2"]
[EndTime "13:03:49 PDT"]
[Termination "Vadim_Biliy won by resignation"]

1. d4 d5 2. Nf3 c5 3. e3 cxd4 4. exd4 Nc6 5. c3 Bg4 6. h3 Bxf3 7. Qxf3 Rc8 8. Nd2 g6 9. Bd3 e6 10. O-O Bh6 11. Re1 Nf6 12. Nf1 Bxc1 13. Raxc1 O-O 14. Ne3 Kg7 15. Ng4 Nxg4 16. hxg4 Qf6 17. Qg3 h6 18. f4 g5 19. f5 Rfe8 20. fxe6 Rxe6 21. Rxe6 Qxe6 22. Bf5 Nxd4 23. Bxe6 Ne2+ 24. Kh2 Nxg3 25. Bxc8 Ne2 26. Re1 1-0

[Event "*** Titled Tuesday Blitz"]
[Site "Chess.com"]
[Date "2019.08.06"]
[Round "1"]
[White "Kimster98"]
[Black "Komissarov_alex"]
[Result "1-0"]
[WhiteElo "2597"]
[BlackElo "2201"]
[TimeControl "180+2"]
[EndTime "13:04:09 PDT"]
[Termination "Kimster98 won by resignation"]

1. Nf3 Nf6 2. g3 g6 3. b4 Bg7 4. Bb2 O-O 5. c4 a5 6. b5 c6 7. a4 d5 8. cxd5 cxd5 9. Bg2 Nbd7 10. O-O Nc5 11. d4 Nce4 12. Ne5 Nd7 13. Nd2 Nxe5 14.
dxe5 Bf5 15. Nb3 b6 16. Nd4 Bd7 17. f3 Nd6 18. exd6 1-0

[Event "*** Titled Tuesday Blitz"]
[Site "Chess.com"]
[Date "2019.08.06"]
[Round "1"]
[White "maciek_92"]
[Black "Thee-Chessboy"]
[Result "1-0"]
[WhiteElo "2786"]
[BlackElo "2398"]
[TimeControl "180+2"]
[EndTime "13:04:12 PDT"]
[Termination "maciek_92 won by resignation"]

1. c4 g6 2. Nc3 Bg7 3. g3 c5 4. Bg2 Nc6 5. b3 e6 6. Ba3 Nge7 7. Bxc5 d6 8. Ba3 O-O 9. Nf3 a6 10. O-O Rb8 11. d4 b5 12. cxb5 axb5 13. Bb2 b4 14. Ne4 h6 15. a4 bxa3 16. Bxa3 Nb4 17. Qd2 Ned5 18. Nc3 Nxc3 19. Qxc3 Nd5 20. Qb2 Ba6 21. Rfd1 Qb6 22. e4 Nb4 23. Bxb4 1-0

[Event "*** Titled Tuesday Blitz"]
[Site "Chess.com"]
[Date "2019.08.06"]
[Round "1"]
[White "slowdgehammer"]
[Black "vugarrasulov"]
[Result "0-1"]
[WhiteElo "2412"]
[BlackElo "2822"]
[TimeControl "180+2"]
[EndTime "13:04:17 PDT"]
[Termination "vugarrasulov won by resignation"]

1. e4 c5 2. Nc3 d6 3. Nf3 a6 4. a4 Nc6 5. Bc4 g6 6. h3 Bg7 7. d3 e6 8. O-O Nge7 9. Be3 d5 10. exd5 exd5 11. Bxc5 dxc4 12. Re1 O-O 13. dxc4 Be6 14. Qe2 Qa5 15. Ba3 Rfe8 16. Rad1 Nf5 17. Qd2 Rad8 18. Qg5 h6 19. Qf4 g5 20. Qc1 Bxc4 21. Rxd8 Rxd8 22. Ne4 Bd5 23. c3 Bxe4 24. Rxe4 Qd5 25. Re1 Ne5 26.
Nxe5 Bxe5 27. h4 Nxh4 0-1

[Event "*** Titled Tuesday Blitz"]
[Site "Chess.com"]
[Date "2019.08.06"]
[Round "1"]
[White "S-Fazulyanov"]
[Black "Alexander_Moskalenko"]
[Result "1/2-1/2"]
[WhiteElo "2450"]
[BlackElo "2856"]
[TimeControl "180+2"]
[EndTime "13:04:24 PDT"]
[Termination "Game drawn by repetition"]

1. e4 c6 2. d4 d5 3. Nc3 dxe4 4. Nxe4 Nf6 5. Nxf6+ exf6 6. c3 Bd6 7. Bd3 O-O 8. Qc2 Re8+ 9. Ne2 f5 10. Bxf5 Bxf5 11.
Qxf5 Nd7 12. Be3 Nb6 13. O-O-O Nc4 14. Rd3 g6 15. Qf3 Qa5 16. Kb1 Qb5 17. Bc1 Re7 18. b3 Rae8 19. Ng3 Bxg3 20. hxg3 Re2 21. Rxh7 Na3+ 22. Bxa3 Rxf2 23. Qxf2 Qxd3+ 24. Kc1 Qxc3+ 25. Kd1 Qd3+ 26. Kc1 Qc3+ 27. Kd1 Qd3+ 28. Kc1 Qc3+ 1/2-1/2

[Event "*** Titled Tuesday Blitz"]
[Site "Chess.com"]
[Date "2019.08.06"]
[Round "1"]
[White "Giraffe_Chess"]
[Black "731291"]
[Result "1/2-1/2"]
[WhiteElo "2370"]
[BlackElo "2700"]
[TimeControl "180+2"]
[EndTime "13:04:27 PDT"]
[Termination "Game drawn by agreement"]

1. d4 Nf6 2. c4 e6 3. Nf3 b6 4. g3 Ba6 5. Qa4 Bb7 6. Bg2 c5 7. dxc5 bxc5 8. O-O Be7 9. Rd1 O-O 10.
Nc3 Qb6 11. Qb3 Rd8 12. Bf4 d6 13. Rd2 Nc6 14. Rad1 e5 15. Bg5 Qxb3 16. axb3 Nd4 17. Nxd4 Bxg2 18. Kxg2 cxd4 19. Bxf6 dxc3 20. Bxe7 cxd2 21.
Bxd8 Rxd8 22. Rxd2 Kf8 23. b4 Ke7 24. c5 Rb8 25. Rxd6 Rxb4 26. Ra6 Rxb2 27. Rxa7+ Ke6 1/2-1/2

[Event "*** Titled Tuesday Blitz"]
[Site "Chess.com"]
[Date "2019.08.06"]
[Round "1"]
[White "biostatistician"]
[Black "NM2019"]
[Result "1-0"]
[WhiteElo "2551"]
[BlackElo "2099"]
[TimeControl "180+2"]
[EndTime "13:04:27 PDT"]
[Termination "biostatistician won by resignation"]

1. d4 e6 2. Nf3 f5 3. g3 Nf6 4. Bg2 Ne4 5. O-O Be7 6. Nbd2 d5 7. Ne5 Nd7 8. Ndf3 O-O 9. c4 c5 10. cxd5 exd5 11. Bf4 g5 12. Nxd7 Bxd7 13. Be5 Bc6 14. e3 c4 15. Nd2 Bf6 16. Bxf6 Qxf6 17. Nf3 Rae8 18. Ne5 Nd6 19. Qh5 Kg7 20. b3 cxb3 21. axb3 Qh6 22. Qxh6+ Kxh6 23. Rxa7 f4 24. Rc1 Rc8 25.
Nxc6 Rxc6 26. Rxc6 bxc6 27. Ra6 f3 28. Rxc6 Rf6 29.
Bxf3 1-0

[Event "*** Titled Tuesday Blitz"]
[Site "Chess.com"]
[Date "2019.08.06"]
[Round "1"]
[White "SoCalJuniorChess"]
[Black "qqwow"]
[Result "0-1"]
[WhiteElo "1860"]
[BlackElo "2524"]
[TimeControl "180+2"]
[EndTime "13:04:36 PDT"]
[Termination "qqwow won by resignation"]

1. c4 f5 2. Nc3 d6 3. g3 e5 4. Bg2 Nf6 5. d3 Be7 6. Rb1 O-O 7. b4 Qe8 8. e4 Nc6 9. Nge2 Qh5 10. O-O f4 11.
gxf4 Ng4 12. h3 Nh6 13. f5 g6 14. Ng3 Qh4 15. Nd5 Bd8 16. b5 Nd4 17. Qd2 Nf7 18.
fxg6 Ng5 19. gxh7+ Kh8 20. Qd1 Ngf3+ 21. Kh1 Bxh3 0-1

[Event "*** Titled Tuesday Blitz"]
[Site "Chess.com"]
[Date "2019.08.06"]
[Round "1"]
[White "NemtsevIgor"]
[Black "chessdjw"]
[Result "0-1"]
[WhiteElo "2314"]
[BlackElo "2657"]
[TimeControl "180+2"]
[EndTime "13:04:54 PDT"]
[Termination "chessdjw won by checkmate"]

1. d4 Nf6 2. Bf4 b6 3. Nf3 Bb7 4. e3 Nh5 5. Bg5 h6 6. Bh4 g5 7.
Ne5 Nf6 8. Bg3 d6 9. Nf3 Ne4 10. Nbd2 Nxg3 11. hxg3 Bg7 12. Bc4 e6 13. Qe2 a6 14. a4 c5 15. c3 Nd7 16. O-O d5 17.
Bd3 f5 18. g4 fxg4 19. Bg6+ Ke7 20. Ne1 h5 21. e4 Rh6 22. Bxh5 Rxh5 23. Qxg4 Qh8 24.
f3 cxd4 25. Nd3 dxc3 26. bxc3 Bxc3 27. Kf2 Bxd2 28. exd5 Bxd5 29. Rad1 Rh4 30. Qg3 Qd4+ 31. Ke2 Qe3# 0-1

[Event "*** Titled Tuesday Blitz"]
[Site "Chess.com"]
[Date "2019.08.06"]
[Round "1"]
[White "ArnaudovP"]
[Black "WeAintSurePal"]
[Result "1-0"]
[WhiteElo "2649"]
[BlackElo "2305"]
[TimeControl "180+2"]
[EndTime "13:04:59 PDT"]
[Termination "ArnaudovP won by resignation"]

1. d4 d5 2. c4 e6 3. Nf3 Nf6 4. g3 Be7 5. Bg2 O-O 6. O-O dxc4 7. Qc2 a6 8. a4 Bd7 9. Rd1 Bc6 10. Nc3 Bb4 11.
Bg5 h6 12. Bxf6 Qxf6 13. e4 Nd7 14. d5 Nc5 15. dxc6 Nd3 16. cxb7 Rab8 17. e5 Qe7 18. Na2 Bc5 19. Rd2 Rxb7 20. Qxc4 Nxb2 21. Qc2 Rfb8 22. h4 Rb3 23. Rc1 Nxa4 24. Rd3 Rxd3 25. Qxd3 Rb2 26. Rc2 Rb1+ 27. Kh2 Bb6 28. Rc4 1-0

[Event "*** Titled Tuesday Blitz"]
[Site "Chess.com"]
[Date "2019.08.06"]
[Round "1"]
[White "Yoshkinkot"]
[Black "Roachelley"]
[Result "1-0"]
[WhiteElo "2615"]
[BlackElo "2222"]
[TimeControl "180+2"]
[EndTime "13:05:00 PDT"]
[Termination "Yoshkinkot won by resignation"]

1. e4 c5 2. Nf3 d6 3. Bb5+ Bd7 4.
Bxd7+ Qxd7 5. c4 e5 6. O-O Nc6 7. Nc3 g6 8. d3 Bg7 9. Ne1 Nge7 10. Bg5 O-O 11. Bxe7 Nxe7 12. Nc2 f5 13. f3 Nc6 14. Nd5 Nd4 15. Nxd4 cxd4 16. b4 b6 17. Qb3 Kh8 18. b5 Qd8 19. a4 f4 20. a5 bxa5 21.
Qa3 Rf7 22. Qxa5 Qxa5 23. Rxa5 Rd8 24. Rfa1 Rdd7 25. Nb4 1-0

[Event "*** Titled Tuesday Blitz"]
[Site "Chess.com"]
[Date "2019.08.06"]
[Round "1"]
[White "PotapovaM"]
[Black "Konavets"]
[Result "0-1"]
[WhiteElo "2500"]
[BlackElo "2993"]
[TimeControl "180+2"]
[EndTime "13:05:01 PDT"]
[Termination "Konavets won by resignation"]

1. d4 Nf6 2. c4 e6 3. Nf3 d5 4.
Nc3 Bb4 5. cxd5 exd5 6. Bg5 h6 7.
Bh4 g5 8. Bg3 Ne4 9. Rc1 h5 10. h4 g4 11. Ne5 Nxg3 12. fxg3 c6 13. e3 Bd6 14. Bd3 Be6 15. O-O Nd7 16. Ng6 Bxg3 17.
e4 fxg6 18. exd5 Qxh4 19. Bxg6+ Kd8 20. Re1 Rf8 0-1

[Event "*** Titled Tuesday Blitz"]
[Site "Chess.com"]
[Date "2019.08.06"]
[Round "1"]
[White "Warre"]
[Black "12teen"]
[Result "0-1"]
[WhiteElo "2305"]
[BlackElo "2649"]
[TimeControl "180+2"]
[EndTime "13:05:01 PDT"]
[Termination "12teen won by resignation"]

1. d4 a6 2. e4 b5 3. Bd3 Bb7 4.
Nf3 e6 5. O-O Nf6 6. Re1 d5 7.
e5 Nfd7 8. Nbd2 Be7 9. Nf1 c5 10. c3 Nc6 11. Ng3 h5 12. Be3 g5 13. Nd2 g4 14. f4 Qc7 15. f5 O-O-O 16. a4 c4 17. Bc2 Rdg8 18. Rf1 h4 19. Ne2 Qb6 20. Nf4 h3 21. g3 Ncxe5 22. Qe2 Nf3+ 23. Nxf3 gxf3 24. Rxf3 e5 25. dxe5 Bc5 26. e6 Ne5 27. Re1 0-1

[Event "*** Titled Tuesday Blitz"]
[Site "Chess.com"]
[Date "2019.08.06"]
[Round "1"]
[White "MFguimaraes"]
[Black "yoolund"]
[Result "0-1"]
[WhiteElo "2260"]
[BlackElo "2631"]
[TimeControl "180+2"]
[EndTime "13:05:22 PDT"]
[Termination "yoolund won by resignation"]

1. e4 c6 2. c4 d5 3. exd5 cxd5 4. d4 Nf6 5. Nc3 Nc6 6. Nf3 a6 7. c5 Bf5 8. Bd3 Bxd3 9. Qxd3 g6 10. O-O Bg7 11. Bf4 O-O 12. Rfe1 Re8 13. Ne5 Nh5 14.
Nxc6 Nxf4 15. Nxd8 Nxd3 16. Nxb7 Nxe1 17. Rxe1 e6 18.
Nd6 Red8 19. Ne2 Rab8 20. b3 Bf8 21. Nf4 Bxd6 22. cxd6 Rxd6 23. Rc1 Rb7 24. Nd3 Rdd7 25. Rc8+ Kg7 26. Nc5 Rdc7 27. Ra8 Rb4 28. g3 Rxd4 29. Nxa6 Rc2 30. a3 Rdd2 31. Nb4 Rb2 32. a4 0-1

[Event "*** Titled Tuesday Blitz"]
[Site "Chess.com"]
[Date "2019.08.06"]
[Round "1"]
[White "CentrumSakkiskola"]
[Black "gemarin"]
[Result "0-1"]
[WhiteElo "2502"]
[BlackElo "2048"]
[TimeControl "180+2"]
[EndTime "13:05:22 PDT"]
[Termination "gemarin won by resignation"]

1. e4 c5 2. Nf3 Nc6 3. Bb5 g6 4.
c3 Bg7 5. O-O e5 6. Na3 Nge7 7.
Nc2 O-O 8. d4 cxd4 9. cxd4 Nxd4 10. Ncxd4 exd4 11. Bg5 h6 12. Bh4 g5 13. Bg3 d6 14.
Nxd4 Qb6 15. Nb3 Qxb5 16. Qxd6 Ng6 17. Rac1 Be6 18. Nd4 Qb6 19. Nxe6 fxe6 20. Qd7 Rf7 21. Rc8+ Rxc8 22. Qxc8+ Kh7 23. b3 Nf4 24. Bxf4 gxf4 25. h3 Bd4 26. Qe8 Kg7 27. h4 Qc6 28. Qd8 Qxe4 29. Rd1 e5 30. h5 f3 31. g3 Qg4 0-1

[Event "*** Titled Tuesday Blitz"]
[Site "Chess.com"]
[Date "2019.08.06"]
[Round "1"]
[White "cancrushyou"]
[Black "Annawel"]
[Result "0-1"]
[WhiteElo "2505"]
[BlackElo "2996"]
[TimeControl "180+2"]
[EndTime "13:05:23 PDT"]
[Termination "Annawel won by resignation"]

1. d4 d6 2. g3 g6 3. Bg2 Bg7 4.
Nf3 f5 5. O-O Nf6 6. c4 O-O 7.
Nc3 c6 8. b3 Qc7 9. Bb2 e5 10. e3 e4 11. Nd2 Be6 12. Rc1 Nbd7 13. d5 Bf7 14. dxc6 bxc6 15. Na4 Rae8 16. Qc2 Ne5 17.
Ba1 h5 18. h4 Nfg4 19. c5 d5 20. b4 Qe7 21. Nb3 g5 22. Nd4 Bg6 23. hxg5 Qxg5 24. b5 h4 25. gxh4 Qxh4 26. Rfe1 f4 27. exf4 e3 28.
fxe3 Bxc2 0-1

[Event "*** Titled Tuesday Blitz"]
[Site "Chess.com"]
[Date "2019.08.06"]
[Round "1"]
[White "olksuna"]
[Black "CMS13"]
[Result "1-0"]
[WhiteElo "2533"]
[BlackElo "2014"]
[TimeControl "180+2"]
[EndTime "13:05:23 PDT"]
[Termination "olksuna won by checkmate"]

1. c4 e5 2. Nc3 Nc6 3. Nf3 Bc5 4. g3 d6 5. Bg2 a6 6. d3 Nge7 7. O-O O-O 8. e3 Ba7 9. h3 f6 10. Kh2 Be6 11. e4 Nd4 12. Nxd4 Bxd4 13. f4 Nc6 14. f5 Bf7 15. g4 Kh8 16. h4 Ne7 17. g5 c6 18. h5 d5 19. g6 Bg8 20. h6 hxg6 21. fxg6 Be6 22. Qh5 Ng8 23. hxg7+ Kxg7 24. Qh7# 1-0

[Event "*** Titled Tuesday Blitz"]
[Site "Chess.com"]
[Date "2019.08.06"]
[Round "1"]
[White "tgpgoat"]
[Black "PchelkinVK"]
[Result "0-1"]
[WhiteElo "1981"]
[BlackElo "2524"]
[TimeControl "180+2"]
[EndTime "13:05:25 PDT"]
[Termination "PchelkinVK won by resignation"]

1. e4 e6 2. d4 d5 3. Nd2 c5 4. exd5 exd5 5. dxc5 Bxc5 6. Ngf3 Nc6 7. Nb3 Bb6 8. c3 Nge7 9. Bf4 O-O 10. Be2 Ng6 11. Bg3 f5 12. h3 f4 13. Bh2 Bf5 14. O-O Be4 15. Qd2 Qf6 16. Rad1 Rae8 17. Rfe1 Nh4 18. Nxh4 Qxh4 19. Bg4 Ne5 20. Nd4 Nxg4 21. Bxf4 Nxf2 22. Qxf2 0-1

[Event "*** Titled Tuesday Blitz"]
[Site "Chess.com"]
[Date "2019.08.06"]
[Round "1"]
[White "Philosopherrr"]
[Black "BilodeauA"]
[Result "0-1"]
[WhiteElo "2461"]
[BlackElo "2901"]
[TimeControl "180+2"]
[EndTime "13:05:29 PDT"]
[Termination "BilodeauA won by resignation"]

1. e4 c5 2. Nf3 Nc6 3. d4 cxd4 4. Nxd4 Nf6 5. Nc3 d6 6. Ndb5 a6 7. Nd4 e5 8. Nb3 Be7 9. Bg5 O-O 10. Bxf6 Bxf6 11.
a4 Be6 12. Nd5 Bg5 13. Bc4 Rc8 14. O-O Nb4 15. Qe2 Bxd5 16. Bxd5 Rxc2 17. Qd1 Rxb2 18. Rb1 Rxb1 19. Qxb1 Nxd5 20. exd5 Qb6 21. Qd3 g6 22. g3 Rc8 23. Kg2 e4 24. Qd1 Rc3 25. Nd4 Rd3 26. Qg4 Qxd4 27. Qxg5 Qxd5 28. Qd8+ Kg7 29. Kg1 b5 30. axb5 axb5 31. h4 h5 32. Qb6 Rd1 33. Rxd1 Qxd1+ 34. Kh2 Qd5 35. Kg1 Qc5 36. Qb7 e3 0-1

[Event "*** Titled Tuesday Blitz"]
[Site "Chess.com"]
[Date "2019.08.06"]
[Round "1"]
[White "joppie2"]
[Black "Mr_Sinigami"]
[Result "1-0"]
[WhiteElo "2893"]
[BlackElo "2459"]
[TimeControl "180+2"]
[EndTime "13:05:30 PDT"]
[Termination "joppie2 won by resignation"]

1. e4 c5 2. Nf3 e6 3. c3 Nf6 4.
e5 Nd5 5. d4 cxd4 6. cxd4 d6 7.
Bc4 Be7 8. O-O Nc6 9. Qe2 a6 10. Nc3 Nxc3 11. bxc3 O-O 12. Bf4 dxe5 13. dxe5 Qc7 14.
Bd3 Rd8 15. Rfd1 Bd7 16. h4 Be8 17. Ng5 g6 18. h5 Rd5 19. hxg6 hxg6 20. Qg4 Nxe5 21.
Qh4 Bxg5 22. Bxg5 Nxd3 23. Rxd3 Qc5 24. Rh3 1-0

[Event "*** Titled Tuesday Blitz"]
[Site "Chess.com"]
[Date "2019.08.06"]
[Round "1"]
[White "JozefKneht"]
[Black "Alexander_Donchenko"]
[Result "0-1"]
[WhiteElo "2345"]
[BlackElo "2689"]
[TimeControl "180+2"]
[EndTime "13:05:31 PDT"]
[Termination "Alexander_Donchenko won by resignation"]

1. e4 c6 2. d4 d5 3. Nc3 dxe4 4. Nxe4 Bf5 5. Ng3 Bg6 6. h4 h6 7. Nf3 Nd7 8. h5 Bh7 9. Bd3 Bxd3 10. Qxd3 e6 11. Bf4 Qa5+ 12. Bd2 Bb4 13. c3 Be7 14. c4 Qc7 15. Ne4 Ngf6 16. Nxf6+ Nxf6 17. O-O-O b5 18. c5 O-O 19. Ne5 Rfd8 20. Qe2 Rxd4 21. f4 Rad8 22. g4 Ne4 23. Be3 Rxd1+ 24. Rxd1 Bxc5 25. Rxd8+ Qxd8 26. Bxc5 Nxc5 27. Nxc6 Qc7 28. Qf3 Nd3+ 29. Kd2 Nxf4 30. Nxa7 Qd7+ 31. Ke1 Nd5 32. Qf2 Qc7 33.
Kd1 Qc4 34. Qe2 Qd4+ 0-1

[Event "*** Titled Tuesday Blitz"]
[Site "Chess.com"]
[Date "2019.08.06"]
[Round "1"]
[White "GadimbayliA"]
[Black "pedromartinez91"]
[Result "1-0"]
[WhiteElo "2886"]
[BlackElo "2459"]
[TimeControl "180+2"]
[EndTime "13:05:37 PDT"]
[Termination "GadimbayliA won by resignation"]

1. e4 e6 2. d4 d5 3. Nd2 Nf6 4. e5 Ne4 5. Nxe4 dxe4 6. Bc4 Qd7 7. c3 b5 8. Bb3 Bb7 9. Ne2 c5 10. Be3 cxd4 11. Nxd4 a6 12. O-O Nc6 13. Nxc6 Qxc6 14.
Qg4 g6 15. Rad1 h5 16. Qf4 Be7 17. Bc2 Rd8 18. Rxd8+ Bxd8 19. Rd1 Be7 20. Rd4 g5 21. Qg3 h4 22. Qg4 h3 23. Bxe4 Qc7 24.
Qf3 Bxe4 25. Qxe4 hxg2 26. Qa8+ Bd8 27. Bxg5 O-O 28. Rxd8 Qxe5 1-0

[Event "*** Titled Tuesday Blitz"]
[Site "Chess.com"]
[Date "2019.08.06"]
[Round "1"]
[White "leclash"]
[Black "Mikhail_Golubev"]
[Result "1-0"]
[WhiteElo "2209"]
[BlackElo "2569"]
[TimeControl "180+2"]
[EndTime "13:05:39 PDT"]
[Termination "leclash won on time"]

1. d4 Nf6 2. c4 g6 3. Nc3 Bg7 4. e4 d6 5. Nge2 e5 6. d5 Nh5 7. Be3 f5 8. exf5 gxf5 9. Ng3 Nf4 10. Bxf4 exf4 11. Qh5+ Kf8 12. Nxf5 1-0

[Event "*** Titled Tuesday Blitz"]
[Site "Chess.com"]
[Date "2019.08.06"]
[Round "1"]
[White "Guriempire"]
[Black "Patolindo"]
[Result "1-0"]
[WhiteElo "2619"]
[BlackElo "2226"]
[TimeControl "180+2"]
[EndTime "13:05:41 PDT"]
[Termination "Guriempire won by resignation"]

1. e4 c5 2. Ne2 d6 3. g3 Nc6 4. Bg2 h5 5. h3 g6 6. c3 Bg7 7.
d4 e5 8. Be3 Qc7 9. O-O cxd4 10.
cxd4 Nf6 11. Nbc3 a6 12. Rc1 O-O 13. Bg5 exd4 14. Nd5 Qd8 15. Nxd4 Ne5 16. f4 Ned7 17. Kh2 Qa5 18. Ne7+ Kh7 19. f5 Re8 20. fxg6+ fxg6 21. Nxc8 Qxg5 22. Nxd6 Re7 23. Nf3 Qa5 24. Nc4 Qxa2 25.
e5 Ng8 26. Ng5+ Kh8 27. Nd6 Nxe5 28. Bd5 Qxb2+ 29. Rc2 Qb6 30. Nc8 Rxc8 31. Rxc8 Qb2+ 32. Kh1 Nf7 33. Nxf7+ Rxf7 34. Bxf7 Bd4 35. Rxg8+ Kh7 36. Rxg6 1-0

[Event "*** Titled Tuesday Blitz"]
[Site "Chess.com"]
[Date "2019.08.06"]
[Round "1"]
[White "MITerryble"]
[Black "Misha_Bilous"]
[Result "1-0"]
[WhiteElo "2880"]
[BlackElo "2445"]
[TimeControl "180+2"]
[EndTime "13:05:47 PDT"]
[Termination "MITerryble won by resignation"]

1. e4 c5 2. Nf3 d6 3. Bb5+ Bd7 4. Bxd7+ Qxd7 5. O-O Nc6 6. c3 Nf6 7. d4 cxd4 8. cxd4 d5 9. e5 Ne4 10. Ne1 h6 11.
Nd3 Nxd4 12. f3 Ng5 13. Nc5 Ndxf3+ 14. gxf3 Qc6 15. Nd3 e6 16. Nc3 Bc5+ 17. Kh1 d4 18. Nb1 O-O-O 19. Nd2 Kb8 20. Qe2 Bb6 21. Ne4 Nxe4 22.
Qxe4 Qxe4 23. fxe4 Rd7 24. Bd2 Bd8 25. Rg1 g6 26.
Raf1 Rc7 27. Rg2 Rf8 28. Bxh6 Rh8 29. Bd2 Rh4 30. Re2 Rc2 31. Rff2 a6 32. Rxf7 Bg5 33.
Bxg5 Rxe2 34. Bxh4 Rd2 35. Nc5 Rxb2 36. Rd7 Rb5 37.
Nxe6 Rxe5 38. Bg3 1-0

[Event "*** Titled Tuesday Blitz"]
[Site "Chess.com"]
[Date "2019.08.06"]
[Round "1"]
[White "Saloni1299"]
[Black "capatl"]
[Result "0-1"]
[WhiteElo "1992"]
[BlackElo "2527"]
[TimeControl "180+2"]
[EndTime "13:05:49 PDT"]
[Termination "capatl won by resignation"]

1. e4 c5 2. Nf3 e6 3. d4 cxd4 4. Nxd4 a6 5. c4 Qc7 6. Nc3 d6 7.
Be2 Nd7 8. O-O Ngf6 9. f4 Be7 10. b4 b5 11. Qd3 bxc4 12. Qxc4 Qxc4 13. Bxc4 Bb7 14. Bd3 d5 15. e5 Bxb4 16. Bb2 Ng4 17. h3 Ne3 18. Rfe1 Nc4 19. Bxc4 dxc4 20. a3 Bc5 21.
Ne4 Bxe4 22. Rxe4 Rb8 23. Bc3 Rb3 24. Bb4 Rd3 0-1

[Event "*** Titled Tuesday Blitz"]
[Site "Chess.com"]
[Date "2019.08.06"]
[Round "1"]
[White "Poghosyan_Suren"]
[Black "Parhamov"]
[Result "0-1"]
[WhiteElo "2495"]
[BlackElo "2970"]
[TimeControl "180+2"]
[EndTime "13:05:50 PDT"]
[Termination "Parhamov won by checkmate"]

1. e4 c5 2. Nf3 Nc6 3. Bc4 Nf6 4. Nc3 e6 5. d4 cxd4 6. Nxd4 Bb4 7. Nxc6 bxc6 8.
Bd3 d5 9. e5 Nd7 10. f4 c5 11.
a3 Bxc3+ 12. bxc3 Qa5 13. Bd2 Qa4 14. O-O Ba6 15. Bxa6 Qxa6 16. Qf3 O-O 17. Qg3 f5 18. h4 Nb6 19. h5 Nc4 20. h6 Rf7 21. Bc1 Kh8 22.
Qh4 Rg8 23. Kf2 gxh6 24. Qxh6 Rg6 25. Qh3 Rfg7 26. Rg1 Qa5 27. a4 Rg3 28. Qh4 Qxc3 29. Qd8+ Rg8 30. Qf6+ R3g7 31. Qxe6 Qxc2+ 32. Kf1 Qd3+ 33.
Kf2 Qc2+ 34. Kf1 d4 35. Ba3 d3 36. Bxc5 Qe2# 0-1

[Event "*** Titled Tuesday Blitz"]
[Site "Chess.com"]
[Date "2019.08.06"]
[Round "1"]
[White "Chopper1905"]
[Black "GrandGlacier"]
[Result "1-0"]
[WhiteElo "2825"]
[BlackElo "2415"]
[TimeControl "180+2"]
[EndTime "13:05:51 PDT"]
[Termination "Chopper1905 won by resignation"]

1. e4 c5 2. Nc3 e6 3. Nf3 Nc6 4. d4 cxd4 5. Nxd4 Qc7 6. g3 a6 7.
Bg2 Nf6 8. O-O Nxd4 9. Qxd4 Bc5 10. Bf4 d6 11. Qd2 Nd7 12. Na4 Ne5 13. Nxc5 Qxc5 14. Rad1 Ke7 15. b3 b5 16. Be3 Qc7 17. Bd4 f6 18. f4 Nc6 19. e5 d5 20. exf6+ gxf6 21.
Bc5+ Kf7 22. f5 Ne5 23. Bd4 h5 24. fxe6+ Bxe6 25. Qg5 1-0

[Event "*** Titled Tuesday Blitz"]
[Site "Chess.com"]
[Date "2019.08.06"]
[Round "1"]
[White "julinha97"]
[Black "ohusbands"]
[Result "1-0"]
[WhiteElo "2231"]
[BlackElo "2587"]
[TimeControl "180+2"]
[EndTime "13:05:51 PDT"]
[Termination "julinha97 won by resignation"]

1. e4 c5 2. Nf3 d6 3. d4 cxd4 4. Nxd4 Nf6 5. Nc3 a6 6. Be3 e5 7.
Nb3 Be6 8. Qd2 Nbd7 9. O-O-O b5 10. f4 Be7 11. f5 Bc4 12. g4 Nxg4 13. Rg1 Nxe3 14.
Qxe3 O-O 15. Qg3 Bf6 16. Rxd6 Bxf1 17. Nd5 Bg5+ 18. Qxg5 Qxg5+ 19. Rxg5 Nb8 20. f6 g6 21. Rxe5 Bh3 22. Re7 h5 23. Nb6 Nd7 24. Nxa8 Rxa8 25.
Rdxd7 Bxd7 26. Rxd7 Re8 27. Re7 Rc8 28. Nd4 Rd8 29. c3 b4 30. Kc2 bxc3 31. bxc3 Rd6 32. e5 Rd5 33. Kd3 1-0

[Event "*** Titled Tuesday Blitz"]
[Site "Chess.com"]
[Date "2019.08.06"]
[Round "1"]
[White "Mbneu"]
[Black "Fy_Rakotomaharo"]
[Result "0-1"]
[WhiteElo "2287"]
[BlackElo "2640"]
[TimeControl "180+2"]
[EndTime "13:05:52 PDT"]
[Termination "Fy_Rakotomaharo won on time"]

1. d4 Nf6 2. c4 g6 3. Nc3 d5 4.
cxd5 Nxd5 5. g3 Bg7 6. Bg2 Nxc3 7. bxc3 c5 8. e3 O-O 9. Ne2 Qc7 10. O-O Nc6 11. a4 Rd8 12. Ba3 b6 13. Qc2 Ba6 14.
Rfd1 Rac8 15. dxc5 Ne5 16. cxb6 axb6 17. Nd4 Nc4 18. Bb4 Bf6 19. Nb5 Qb8 20. Rxd8+ Rxd8 21. Rd1 Rc8 22. Qe4 Nb2 23. Rd2 Nxa4 0-1